Map: Ever Dream LE

Players

Sammyuel

  • Race: Zerg Zerg
  • League: Master
  • Spawn Location: 7:00

BerryRAWR - Winner!

  • Race: Terran Terran
  • League: Master
  • Spawn Location: 1:00

VOD

Have the link to the VOD?

Description

Time

  • Played on: June 15, 2020, 1:14 a.m.
  • Length: 43:10
Show
View Real Time Build Order
Export as new Build Order

Sammyuel Zerg 

Build Orders: Pool First, Lurkers, Swarm Host 

Get SALT Encoding   

  12  0:01  Drone  
  13  0:14  Extractor  
  12  0:25  Spawning Pool  
  12  0:28  Drone  
  12  0:33  Drone  
  13  0:37  Drone  
  14  0:49  Overlord  
  14  1:13  Zergling x6  
  17  1:24  Zergling x2  
  18  1:25  Metabolic Boost  
  18  1:36  Zergling x2  
  19  1:46  Hatchery  
  18  1:49  Zergling x2  
  19  1:59  Zergling x2  
  20  2:03  Queen  
  22  2:11  Overlord  
  22  2:30  Drone x2  
  24  2:39  Queen, Drone  
  27  2:54  Drone  
  28  3:00  Drone  
  28  3:03  Drone  
  30  3:11  Drone x4  
  34  3:15  Overlord  
  34  3:21  Drone  
  35  3:29  Hatchery  
  34  3:36  Queen  
  36  3:44  Roach Warren  
  35  3:50  Drone x2  
  35  3:51  Drone  
  35  3:55  Drone x2  
  40  3:59  Drone  
  40  4:02  Drone x2  
  43  4:05  Overlord  
  43  4:13  Extractor  
  43  4:14  Queen  
  44  4:23  Queen  
  46  4:25  Overlord  
  46  4:28  Roach  
  48  4:37  Roach  
  52  4:45  Roach  
  52  4:46  Roach  
  52  4:51  Roach  
  56  4:57  Overlord  
  56  4:59  Drone x4  
  59  5:07  Overlord  
  59  5:08  Drone x3  
  59  5:11  Drone x2  
  59  5:12  Ravager  
  65  5:17  Extractor  
  65  5:18  Drone x3  
  67  5:27  Roach x3  
  73  5:35  Overlord  
  73  5:41  Drone x4  
  77  5:45  Drone  
  77  5:46  Drone x2  
  80  5:53  Drone x3  
  80  5:55  Spore Crawler  
  80  5:58  Drone x3  
  80  6:02  Lair  
  83  6:12  Evolution Chamber, Extractor  
  83  6:15  Overlord  
  83  6:16  Drone x3  
  83  6:17  Drone x3  
  87  6:20  Drone x2  
  89  6:27  Overlord  
  89  6:29  Overlord  
  89  6:34  Drone  
  89  6:35  Drone x3  
  89  6:38  Roach x2  
  97  6:45  Hatchery  
  96  6:48  Overlord  
  96  6:51  Roach  
  96  6:52  Roach x3  
  102  6:55  Ravager  
  102  7:01  Overlord x2  
  103  7:06  Infestation Pit  
  103  7:08  Zerg Missile Weapons Level 1  
  102  7:10  Drone x4  
  106  7:17  Roach  
  106  7:18  Roach x3  
  106  7:20  Drone x4  
  118  7:26  Extractor  
  118  7:27  Extractor  
  118  7:29  Overlord  
  113  7:52  Drone x2  
  113  7:57  Swarm Host x6  
  113  7:58  Swarm Host x4  
  139  7:59  Nydus Network  
  144  8:10  Drone x3  
  144  8:13  Overlord  
  144  8:20  Overlord x3  
  144  8:31  Queen  
  146  8:35  Swarm Host x2  
  146  8:40  Overlord x2  
  146  8:41  Swarm Host x5  
  152  8:42  Swarm Host x2  
  152  8:47  Glial Reconstitution  
  173  8:52  Extractor  
  173  8:53  Nydus Canal, Extractor  
  171  8:58  Overlord x2  
  171  9:13  Zergling x2  
  171  9:14  Zergling x4  
  174  9:20  Zergling x12  
  174  9:21  Zergling x14  
  187  9:28  Ravager x2  
  187  9:29  Ravager, Roach x2  
  187  9:30  Roach x3  
  200  9:33  Zerg Missile Weapons Level 2  
  200  9:34  Hydralisk Den  
  200  9:36  Evolution Chamber  
  198  9:53  Nydus Canal  
  198  9:58  Drone x4  
  198  9:59  Drone x3  
  200  10:06  Grooved Spines, Zerg Ground Armor Level 1  
  192  10:10  Drone x2  
  192  10:12  Drone  
  192  10:13  Drone x2  
  189  10:24  Ravager x5  
  189  10:25  Ravager x4  
  189  10:28  Hydralisk  
  194  10:40  Hatchery  
  194  10:41  Nydus Canal  
  186  10:49  Overlord  
  180  10:53  Drone  
  180  10:54  Drone x2  
  180  10:55  Overlord x3  
  172  11:08  Drone x7  
  172  11:09  Drone x4  
  172  11:10  Overlord x2  
  180  11:14  Infestation Pit  
  180  11:17  Muscular Augments  
  179  11:18  Lurker Den  
  178  11:34  Drone x3  
  178  11:35  Drone x3  
  184  11:48  Hydralisk  
  184  11:49  Hydralisk x7  
  184  11:52  Overlord x2, Overseer x2  
  200  11:54  Overseer  
  197  12:01  Queen  
  197  12:03  Spine Crawler  
  198  12:08  Hydralisk  
  198  12:14  Nydus Canal  
  195  12:27  Hydralisk x3  
  195  12:28  Hydralisk x9  
  187  12:31  Lurker x4  
  187  12:35  Nydus Canal  
  191  12:41  Hive  
  191  12:43  Drone  
  191  12:44  Drone x4  
  195  12:45  Drone x2  
  195  12:46  Drone  
  195  12:49  Lurker  
  200  13:04  Nydus Canal  
  193  13:24  Hydralisk x3  
  197  13:36  Drone x3  
  200  13:43  Nydus Canal  
  200  13:56  Zerg Ground Armor Level 2, Zerg Missile Weapons Level 3  
  200  13:58  Adaptive Talons  
  194  14:21  Drone x6  
  194  14:22  Drone  
  200  14:50  Unknown  
  199  14:55  Seismic Spines  
  199  15:11  Hydralisk  
  199  15:12  Hydralisk x8  
  197  15:15  Hydralisk  
  197  15:16  Hydralisk  
  191  15:24  Nydus Canal  
  191  15:27  Hydralisk  
  191  15:28  Hydralisk x8  
  181  15:31  Drone  
  198  15:44  Nydus Canal  
  198  15:56  Overlord x2  
  198  16:08  Nydus Canal  
  198  16:14  Queen  
  190  16:41  Lurker x5  
  195  16:47  Hydralisk  
  195  16:48  Hydralisk  
  199  17:01  Zerg Ground Armor Level 3  
  182  17:16  Hydralisk x6  
  182  17:17  Hydralisk x4  
  198  17:26  Overlord  
  186  17:36  Swarm Host  
  186  17:37  Swarm Host x3  
  179  17:48  Hydralisk x5  
  179  17:49  Hydralisk x5  
  199  18:05  Zerg Melee Weapons Level 1  
  193  18:07  Swarm Host x3  
  192  18:31  Nydus Network  
  189  18:41  Hydralisk  
  189  18:42  Hydralisk x2  
  189  18:44  Lurker x3  
  189  18:45  Lurker x2  
  189  19:14  Lair  
  188  19:21  Hatchery  
  188  19:23  Hydralisk  
  188  19:24  Hydralisk x8  
  186  19:30  Hatchery  
  193  20:16  Hydralisk x5  
  195  20:46  Hydralisk x2  
  185  21:08  Hydralisk x7  
  168  21:16  Hydralisk  
  168  21:17  Hydralisk x11  
  182  21:24  Hydralisk  
  182  21:25  Hydralisk  
  186  21:33  Lurker  
  186  21:34  Lurker x4  
  186  21:39  Hydralisk  
  189  21:40  Hydralisk x5  
  189  21:42  Lurker  
  189  21:43  Lurker  
  180  22:01  Hydralisk x6  
  173  22:22  Hydralisk  
  167  22:23  Hydralisk x5  
  163  22:31  Hydralisk  
  163  22:35  Lurker  
  148  22:45  Hydralisk  
  148  22:46  Hydralisk x4  
  131  22:57  Hydralisk x4  
  116  23:06  Hydralisk x3  
  115  23:19  Hydralisk x5  
  111  23:25  Extractor  
  112  23:27  Hatchery, Lurker x3  
  112  23:28  Extractor, Lurker x3  
  112  23:29  Hydralisk x2, Lurker  
  112  23:30  Hydralisk  
  105  23:37  Extractor  
  105  23:39  Extractor  
  103  23:46  Hydralisk  
  103  23:47  Hydralisk x4  
  113  23:50  Queen  
  113  23:54  Hydralisk x2  
  118  24:02  Hydralisk  
  118  24:03  Hydralisk x3  
  125  24:11  Hydralisk  
  125  24:12  Hydralisk  
  114  24:29  Hydralisk x2  
  114  24:30  Hydralisk x3  
  97  24:45  Spawning Pool, Hydralisk  
  96  24:46  Hydralisk x3  
  104  24:59  Hydralisk  
  106  25:00  Hydralisk x6  
  116  25:07  Hydralisk x2  
  116  25:08  Hydralisk x2  
  124  25:17  Hydralisk x2  
  124  25:18  Hydralisk  
  127  25:29  Hydralisk  
  127  25:30  Hydralisk x6  
  139  25:43  Hydralisk  
  139  25:44  Hydralisk  
  141  25:53  Lurker  
  141  25:55  Lurker x3  
  145  26:06  Drone x3  
  145  26:15  Overlord  
  145  26:19  Hydralisk  
  145  26:20  Hydralisk x4  
  155  26:36  Hatchery  
  154  26:40  Hydralisk x2  
  154  26:41  Hydralisk x2  
  161  26:54  Hydralisk  
  161  26:55  Hydralisk x3  
  153  27:26  Lurker x3  
  153  27:29  Overlord  
  156  27:33  Drone  
  156  27:34  Drone x4  
  161  27:44  Spore Crawler  
  161  27:45  Queen  
  161  27:46  Drone  
  163  28:00  Drone x3  
  163  28:02  Drone x4  
  163  28:03  Queen, Drone x2  
  174  28:05  Extractor  
  174  28:08  Extractor  
  170  28:17  Overlord  
  170  28:18  Drone  
  170  28:19  Drone x4  
  161  28:52  Hydralisk  
  160  29:00  Hydralisk  
  160  29:01  Hydralisk x7  
  160  29:22  Drone  
  160  29:23  Hydralisk  
  161  29:24  Hydralisk x5  
  161  29:27  Lurker x2  
  161  29:28  Lurker  
  176  29:34  Spore Crawler  
  170  29:54  Lurker x2  
  166  30:16  Drone x2  
  166  30:19  Hatchery  
  150  30:35  Lurker  
  150  30:36  Lurker  
  126  30:56  Lurker  
  121  31:13  Drone  
  121  31:14  Drone x8  
  121  31:15  Drone x3  
  133  31:29  Hydralisk x3  
  139  31:42  Hydralisk x3  
  139  31:43  Hydralisk  
  139  31:45  Hydralisk x3  
  147  31:59  Hydralisk x5  
  147  32:00  Hydralisk  
  150  32:13  Lurker  
  150  32:14  Lurker x4  
  155  32:22  Lurker  
  156  32:26  Drone x3  
  156  32:27  Extractor  
  158  32:35  Lurker  
  147  32:55  Hydralisk x6  
  143  33:20  Lurker x2  
  143  33:23  Drone  
  143  33:24  Drone  
  143  33:25  Drone  
  146  33:32  Hatchery  
  145  33:42  Hatchery  
  144  33:54  Zergling x2  
  144  33:55  Zergling x10  
  139  34:09  Lurker  
  130  34:19  Lurker x2  
  127  34:54  Drone  
  127  34:56  Hatchery, Drone  
  127  34:57  Drone x2  
  130  35:07  Hydralisk x2  
  128  35:37  Lurker  
  128  35:42  Zergling x12  
  135  35:44  Hatchery  
  87  36:09  Lurker x2  
  89  36:14  Zergling x4  
  89  36:15  Zergling x6  
  89  36:16  Drone x3  
  97  36:19  Queen, Drone x2  
  101  36:27  Lurker  
  102  36:34  Extractor  
  102  36:39  Drone x3  
  106  36:40  Drone x4  
  108  36:53  Lurker  
  109  36:59  Drone x3  
  109  37:00  Drone x2  
  114  37:17  Hydralisk x5  
  114  37:18  Hydralisk  
  126  37:28  Drone  
  126  37:29  Drone x3  
  129  37:48  Lurker x3  
  132  37:54  Hydralisk x2  
  136  38:01  Drone x3  
  136  38:02  Extractor  
  136  38:04  Extractor  
  136  38:05  Drone x7  
  144  38:14  Hydralisk x3  
  146  38:43  Hydralisk x4  
  146  38:44  Hydralisk x4  
  162  38:57  Drone x2  
  162  38:59  Unknown  
  149  39:37  Pneumatized Carapace  
  149  39:38  Overlord x3  
  149  39:41  Overlord x3  
  149  39:56  Lurker  
  149  39:57  Overlord  
  150  40:00  Overlord  
  118  40:45  Hydralisk  
  118  40:46  Hydralisk  
  118  40:47  Hydralisk x3  
  129  40:54  Hydralisk  
  129  40:55  Hydralisk x8  
  129  40:56  Hydralisk  
  125  41:09  Hydralisk x2  
  125  41:10  Hydralisk x5  
  139  41:17  Lurker x2  
  138  41:23  Hydralisk  
  135  41:34  Zergling x8  
  119  41:45  Zergling x8  
  117  42:04  Zergling x2  
  117  42:05  Zergling x10  
  122  42:20  Zergling x2  
  122  42:21  Zergling x4  
Show
View Real Time Build Order
Export as new Build Order

BerryRAWR Terran - Winner!

Build Orders: 2 Factory, Gas First Reaper Expand, Hellion Opening 

Get SALT Encoding   

  12  0:00  SCV  
  13  0:13  SCV  
  14  0:17  Supply Depot  
  14  0:25  SCV  
  15  0:30  Refinery  
  15  0:38  SCV  
  16  0:46  Barracks  
  16  0:52  SCV  
  18  1:04  SCV  
  18  1:16  SCV  
  19  1:33  Reaper, Orbital Command  
  20  1:45  Command Center  
  20  1:56  Factory  
  20  2:00  SCV  
  21  2:08  Supply Depot  
  21  2:10  Barracks Reactor  
  21  2:12  SCV  
  22  2:18  Refinery  
  22  2:24  SCV  
  23  2:37  SCV  
  24  2:45  Factory  
  24  2:49  SCV  
  24  2:54  Hellion x2  
  24  2:57  Command Center  
  28  2:58  Barracks Tech Lab  
  28  3:01  SCV  
  28  3:02  Supply Depot  
  29  3:13  SCV  
  30  3:24  Hellion x2  
  34  3:30  Marine  
  35  3:34  Supply Depot  
  35  3:37  Infernal Pre-Igniter  
  35  3:41  SCV  
  36  3:46  Hellion  
  38  3:56  Hellion x2  
  38  3:57  SCV  
  43  4:07  Hellion  
  45  4:11  Orbital Command  
  45  4:12  SCV  
  46  4:18  Marine  
  46  4:20  Hellion  
  46  4:21  Hellion  
  51  4:27  SCV  
  51  4:29  Hellion  
  54  4:39  SCV  
  55  4:51  Siege Tank  
  55  4:52  Hellion x2  
  62  4:53  Orbital Command  
  62  5:09  Bunker  
  62  5:14  Barracks Tech Lab  
  62  5:23  Command Center  
  62  5:24  SCV  
  62  5:26  Starport  
  63  5:31  Siege Tank  
  66  5:37  Stimpack, Marine  
  66  5:39  SCV  
  68  5:44  SCV  
  69  5:53  SCV  
  69  5:56  SCV  
  69  6:04  Marine  
  69  6:11  Supply Depot  
  70  6:15  Supply Depot  
  70  6:20  Viking, SCV x2, Hellion x2  
  78  6:27  Supply Depot  
  78  6:29  Supply Depot  
  78  6:32  Marine, Siege Tank  
  82  6:34  Engineering Bay  
  82  6:36  Engineering Bay  
  82  6:42  SCV x2  
  84  6:49  Liberator  
  84  6:50  Marine  
  82  6:55  SCV x2  
  82  6:57  Orbital Command  
  84  7:03  Barracks  
  84  7:05  Terran Infantry Weapons Level 1, Barracks  
  84  7:07  Terran Infantry Armor Level 1  
  84  7:11  SCV  
  84  7:12  SCV  
  84  7:14  Marine  
  87  7:16  Widow Mine x2  
  91  7:23  SCV, Supply Depot  
  91  7:26  Supply Depot  
  91  7:28  SCV, Supply Depot  
  93  7:36  SCV x2  
  95  7:37  Starport Reactor  
  82  7:44  SCV  
  82  7:46  Refinery  
  82  7:49  Refinery  
  82  7:50  Supply Depot  
  81  7:51  Barracks Reactor  
  81  7:52  Barracks Reactor  
  81  7:55  SCV  
  81  7:56  SCV  
  81  7:57  Combat Shield  
  83  8:00  Hellion x2  
  83  8:01  Hellion  
  89  8:08  SCV  
  89  8:11  Orbital Command  
  90  8:14  Marine  
  90  8:19  SCV  
  92  8:20  SCV, Barracks  
  92  8:22  Medivac x2, Barracks  
  97  8:28  Hellion x2  
  97  8:31  Siege Tank  
  97  8:32  Marine  
  106  8:34  SCV  
  106  8:36  SCV x2  
  108  8:41  Marine x3  
  108  8:42  Armory  
  108  8:47  SCV  
  112  8:48  SCV  
  112  8:49  SCV  
  112  8:50  Marine  
  112  8:52  Marine  
  116  8:59  Marine x2  
  118  9:22  Marine x2  
  118  9:23  Barracks Reactor x2, Marauder, Marine  
  117  9:24  Marine  
  117  9:29  Hellion x2  
  117  9:30  Hellion  
  121  9:33  SCV x2  
  121  9:35  SCV  
  124  9:39  Refinery  
  124  9:40  Marine x3  
  124  9:42  Marine  
  124  9:44  Marauder  
  131  9:45  SCV  
  129  9:54  Supply Depot  
  129  9:55  Supply Depot  
  129  9:58  Marine x3  
  132  10:00  Marine  
  132  10:01  Hellion x3  
  132  10:06  Marauder  
  131  10:10  Marine x2  
  131  10:14  Siege Tank  
  124  10:16  Marine x5  
  124  10:17  Hellion x2  
  124  10:20  Marine  
  124  10:21  Supply Depot x2  
  130  10:24  SCV  
  130  10:25  Terran Infantry Armor Level 2, Terran Infantry Weapons Level 2  
  130  10:27  Marauder  
  130  10:28  Medivac x2, Command Center, Marine x2  
  139  10:34  Marine x4  
  143  10:39  Concussive Shells, Marine x2  
  143  10:41  Terran Vehicle Weapons Level 1  
  145  10:46  Marine  
  145  10:48  Marauder  
  143  10:51  Hellion x2, Siege Tank  
  144  11:00  Marine x2  
  144  11:07  SCV x3  
  144  11:10  Marauder  
  149  11:15  Refinery  
  149  11:17  Medivac x2  
  148  11:19  SCV  
  148  11:22  Marine x5  
  148  11:23  Marine x3  
  154  11:36  Supply Depot x2  
  154  11:37  Supply Depot  
  154  11:39  Supply Depot  
  147  11:40  Supply Depot x2, Marine  
  147  11:41  Hellion x2, Siege Tank  
  153  11:54  SCV x2  
  155  11:59  Command Center  
  148  12:05  Marauder, Marine x4  
  148  12:06  Marine  
  148  12:07  Marine  
  153  12:17  Marine x2  
  140  12:29  SCV x3  
  134  12:41  SCV x3  
  137  12:46  Planetary Fortress  
  137  12:52  Marauder, Marine x5  
  137  12:53  SCV x3, Marine x2  
  137  12:55  Marine, Barracks  
  137  12:56  Barracks  
  137  12:58  Barracks  
  150  13:03  Siege Tank  
  154  13:05  SCV x2  
  154  13:06  SCV  
  154  13:10  Marine  
  157  13:14  Marauder  
  157  13:17  SCV  
  157  13:18  SCV x2  
  144  13:22  Marine, Factory Tech Lab  
  144  13:23  Marine x6  
  147  13:27  Marine  
  147  13:31  Missile Turret  
  147  13:33  Missile Turret  
  140  13:35  Marauder  
  140  13:39  Terran Infantry Weapons Level 3  
  140  13:40  Marine x3  
  140  13:41  Terran Infantry Armor Level 3, Marine x2  
  145  13:44  Marine x2  
  147  13:50  Siege Tank x2  
  153  13:56  Sensor Tower  
  153  14:08  Marine x3  
  153  14:18  Marine  
  153  14:19  Marauder  
  153  14:22  Siege Tank x2  
  155  14:34  Barracks Tech Lab  
  155  14:36  Orbital Command, Marine x6  
  161  14:40  Marauder  
  161  14:42  Refinery  
  163  14:48  Medivac x2  
  167  14:54  Siege Tank  
  167  14:57  Starport  
  167  14:58  Fusion Core  
  167  14:59  Refinery x2  
  170  15:00  Command Center  
  160  15:11  Marine  
  160  15:12  Marauder  
  133  15:23  Marine x2  
  133  15:24  Marauder  
  133  15:25  Liberator x2  
  136  15:34  Marine  
  136  15:35  Marauder  
  138  15:38  SCV x2  
  140  15:44  SCV  
  140  15:48  Starport Tech Lab  
  141  15:53  Planetary Fortress  
  141  15:55  SCV x2  
  143  15:58  Missile Turret  
  143  16:02  Unknown  
  143  16:03  Missile Turret  
  143  16:08  Siege Tank  
  143  16:11  Marauder, Marine x5  
  146  16:14  Liberator  
  146  16:15  Liberator  
  146  16:17  Barracks Tech Lab  
  146  16:18  Marine  
  147  16:23  Starport Reactor, Orbital Command  
  144  16:29  Marine x4, Barracks  
  144  16:30  Barracks  
  144  16:32  Marauder, Barracks  
  150  16:35  SCV x2  
  150  16:38  Siege Tank  
  155  16:40  Marauder, Marine x2  
  155  16:47  Marine  
  148  16:55  Marauder, Marine x2  
  148  16:57  Siege Tank  
  155  17:09  Barracks  
  155  17:13  Marine x2  
  155  17:17  Marauder, Barracks  
  155  17:19  Barracks  
  157  17:31  Orbital Command  
  157  17:34  Marine x4  
  159  17:38  Marauder  
  151  17:45  Siege Tank  
  151  17:49  Liberator x2  
  151  17:50  SCV x2  
  162  17:52  Marine x2  
  162  17:54  Barracks Tech Lab x2  
  162  17:55  Barracks Reactor  
  162  17:58  SCV x2, Sensor Tower  
  165  17:59  Marauder  
  165  18:01  Sensor Tower  
  167  18:15  Marauder, Marine x2  
  167  18:16  Marauder  
  170  18:20  Barracks Reactor, Marauder, Barracks Tech Lab  
  170  18:21  Marauder  
  170  18:27  Medivac x2  
  176  18:32  Marine, Siege Tank  
  176  18:33  Marine  
  177  18:37  Medivac x2  
  181  18:41  Marine x2  
  181  18:42  Marauder  
  180  18:52  Marauder, Marine x4  
  180  18:53  SCV  
  187  18:59  Marine x2  
  187  19:00  Command Center  
  185  19:03  Marine  
  185  19:09  Marine x2  
  184  19:11  Terran Vehicle Weapons Level 2  
  182  19:32  Marauder, Marine x6  
  182  19:33  Marauder  
  182  19:38  SCV x3  
  195  19:44  Command Center  
  195  19:50  Marine x3  
  195  19:51  Marauder  
  172  20:01  Advanced Ballistics  
  156  20:16  Marauder  
  156  20:18  Marine  
  156  20:19  Marauder, Marine  
  151  20:23  Marauder, Marine x3  
  151  20:24  Siege Tank  
  157  20:36  Marine x2  
  157  20:37  Marine  
  157  20:40  Marine x2  
  157  20:41  Marine  
  158  20:46  Marauder x2  
  161  20:54  Marine x2  
  161  20:56  Marauder  
  154  20:57  Marine  
  154  20:58  Marine  
  145  21:07  Command Center  
  133  21:11  Marauder  
  133  21:14  Marauder, Marine x2  
  133  21:16  Marauder  
  133  21:17  Marauder, Marine x2  
  133  21:18  Siege Tank  
  148  21:20  SCV x3  
  148  21:24  Orbital Command  
  151  21:32  Marine x3  
  153  21:34  Barracks Reactor, Marine x2  
  153  21:35  Marine  
  153  21:37  Marine  
  153  21:38  Marine  
  157  21:44  Siege Tank  
  157  21:45  Medivac x2  
  157  21:46  Medivac  
  164  21:50  Marine x3, Siege Tank  
  164  21:52  Marine x2  
  164  21:53  Marine  
  171  21:54  Marine  
  171  21:56  Marine  
  157  22:14  Marauder, Marine x3  
  162  22:16  Siege Tank  
  162  22:22  Medivac x2, Siege Tank  
  164  22:37  Marauder, Marine x3  
  164  22:55  Marine  
  164  22:56  Marauder x2  
  152  23:04  Siege Tank x2  
  140  23:15  Orbital Command  
  140  23:19  Command Center  
  140  23:28  Marine x4  
  140  23:31  SCV  
  139  24:40  Orbital Command  
  139  24:48  Marine x6  
  139  24:49  Marine x3  
  139  24:52  Medivac x2  
  147  24:55  Marine  
  150  25:06  Marine x3  
  150  25:07  Marauder x3, Marine  
  152  25:12  Engineering Bay  
  143  25:32  Marauder  
  143  25:33  Marine x2  
  143  25:34  Marauder x3  
  149  25:52  Marine x2  
  149  25:53  Marauder  
  149  25:56  Marine x2  
  157  25:57  Marauder  
  157  26:06  Missile Turret  
  155  26:16  Marine x4  
  155  26:17  Marine  
  154  26:31  Siege Tank x2  
  154  26:32  Marine  
  153  26:41  Missile Turret  
  153  26:46  Orbital Command  
  151  27:03  Sensor Tower  
  148  27:16  Siege Tank  
  148  27:18  Siege Tank  
  148  27:19  Orbital Command  
  153  27:24  Marine x2  
  153  27:25  Marauder x3, Marine  
  162  27:52  Marine, Siege Tank x2  
  162  27:53  Marine x4  
  173  28:00  Missile Turret  
  164  28:24  Siege Tank  
  167  28:34  Marauder x3, Marine x2  
  173  28:35  Siege Tank  
  150  29:26  Marauder, Marine  
  150  29:31  SCV  
  154  29:39  SCV x3  
  154  29:40  Sensor Tower  
  157  29:47  Marauder x3, Marine x6  
  157  29:48  Marauder  
  171  30:05  Marine x2  
  168  30:08  Marauder  
  168  30:09  Marauder  
  151  30:22  Marauder x2, Marine x4  
  157  30:32  Siege Tank  
  144  30:44  Terran Vehicle Weapons Level 3  
  132  30:55  Siege Tank  
  132  30:56  Marauder  
  132  31:02  Marine x2  
  134  31:19  Marauder, Marine x3  
  139  31:32  Marine x2  
  142  31:33  Marauder  
  142  31:38  Unknown  
  136  31:58  Marine x3  
  136  31:59  Marauder x2, Marine  
  144  32:02  Marine  
  144  32:03  Marauder  
  144  32:15  Refinery  
  139  32:28  Marauder x2, Marine x4  
  131  33:08  Marine  
  131  33:09  Marauder, Marine x2  
  131  33:10  Marauder, Marine  
  131  33:11  Medivac x2, Marauder  
  136  33:27  Marauder, Marine  
  136  33:30  Marine  
  140  33:59  Orbital Command, Missile Turret  
  86  34:21  Siege Tank  
  89  34:31  Marauder  
  86  35:26  Orbital Command  
  61  36:07  SCV x2  
  63  36:17  Marine x2  
  65  36:29  Missile Turret  
  65  36:36  Marine x3  
  68  36:46  Marine x3  
  71  36:48  SCV  
  71  36:49  SCV  
  71  36:53  Marine  
  74  36:54  Marine  
  75  37:05  Marine x2  
  77  37:29  Marine x9, Siege Tank  
  87  37:31  Marauder  
  91  37:44  Siege Tank  
  94  37:46  Marine  
  94  37:47  Marine x3  
  94  37:48  Marauder  
  100  37:59  Marauder x3, Marine x2  
  100  38:04  Marine x3  
  111  38:08  Siege Tank  
  111  38:09  Orbital Command  
  114  38:16  Siege Tank  
  117  38:24  Marine x3  
  117  38:25  Marauder  
  117  38:36  Orbital Command  
  116  38:42  Siege Tank  
  116  38:43  Marauder x3, Marine x3  
  128  38:52  Siege Tank  
  128  38:53  Refinery x2  
  131  39:04  Marine  
  132  39:18  Marine x2  
  141  39:39  Liberator  
  141  39:45  Liberator x2  
  143  39:46  Liberator  
  143  39:52  SCV  
  147  40:16  Marine  
  147  40:17  Marauder  
  150  40:22  Siege Tank x2  
  150  40:23  Marine x3  
  150  40:25  Marine  
  141  40:49  Liberator x2  
  143  41:02  Marine x3  
  143  41:03  Marauder  
  145  41:42  Siege Tank  
  146  41:48  Marine x4  
  146  41:53  Command Center  
Tags
 
Add a new tag
Caveats
  • Supply blocks, unpowered buildings, or Contaminate may cause inaccurate times.
  • Supply counts are checked every 10 seconds.